Map: Old Republic LE

Players

Cracfilles - Winner!

  • Race: Zerg Zerg
  • League: Diamond
  • Spawn Location: 1:00

HoldTheDoor

  • Race: Protoss Protoss
  • League: Diamond
  • Spawn Location: 7:00

VOD

Have the link to the VOD?

Description

Time

  • Played on: May 25, 2026, 1:26 p.m.
  • Length: 3:10
Show
View Real Time Build Order
Export as new Build Order

Cracfilles Zerg - Winner!

Build Orders: Pool First 

Get SALT Encoding   

  12  0:00  Drone  
  13  0:22  Spawning Pool  
  13  0:25  Drone  
  13  0:30  Drone  
  14  0:36  Extractor, Drone  
  14  0:42  Extractor  
  13  0:43  Drone  
  14  0:52  Overlord  
  14  1:10  Roach Warren, Drone  
  14  1:16  Drone  
  15  1:28  Overlord  
  15  1:52  Roach x3  
  21  2:06  Roach  
  23  2:12  Ravager x2  
  25  2:16  Ravager  
  25  2:20  Roach  
  28  2:36  Ravager  
  29  2:50  Hatchery  
Show
View Real Time Build Order
Export as new Build Order

HoldTheDoor Protoss 

Build Orders:  

Get SALT Encoding   

  12  0:00  Probe  
  13  0:12  Probe  
  14  0:20  Pylon  
  14  0:24  Probe  
  15  0:34  Probe  
  15  0:41  Gateway  
  15  0:42  Probe  
  16  0:49  Assimilator  
  17  0:52  Probe  
  18  1:06  Forge  
  18  1:08  Probe  
  19  1:20  Probe  
  20  1:29  Cybernetics Core  
  20  1:39  Photon Cannon  
  20  1:42  Probe  
  21  1:54  Probe  
  22  2:05  Nexus  
  22  2:21  Pylon  
  22  2:28  Probe  
  23  2:36  Stalker  
  23  2:40  Probe  
  26  2:44  Robotics Facility  
  26  2:52  Probe  
  26  2:56  Gateway  
  28  3:09  Pylon  
Tags
 
Matchup
PvZ
Opening
Pool First
Replay Pack
SC2Mai2026
Spawn Locations
Cross Positions
Add a new tag
Caveats
  • Supply blocks, unpowered buildings, or Contaminate may cause inaccurate times.
  • Supply counts are checked every 10 seconds.